 Dungeon Crawl Stone Soup version 0.31-a0-233-g139696dc86 (webtiles) character file.

Game seed: 6466672365290704882

14275 pokeman the Eclecticist (level 11, 0/60 HPs)
             Began as a Deep Elf Hedge Wizard on July 9, 2023.
             Was an Elder of Vehumet.
             Slain by a great orb of eyes (12 damage)
             ... in a Gauntlet.
             The game lasted 00:41:25 (13801 turns).

pokeman the Eclecticist (Deep Elf Hedge Wizard)    Turns: 13801, Time: 00:41:26

Health: 0/60       AC:  8    Str:  7    XL:     11   Next: 86%
Magic:  22/33      EV: 17    Int: 30    God:    Vehumet [****..]
Gold:   647        SH:  0    Dex: 12    Spells: 18/42 levels left

rFire   + . .        R - +5 scythe "Finisher" {speed, execute}
rCold   . . .        (shield currently unavailable)
rNeg    . . .        L - +3 leather armour {rF+}
rPois   .            S - +2 hat
rElec   .            J - scarf {shadows}
rCorr   .            (no gloves)
SInv    .            (no boots)
Will    +....        (no amulet)
Stlth   ++           P - +5 ring of evasion
HPRegen 0.30/turn    k - +6 ring of intelligence
MPRegen 0.23/turn

%: no teleportation
@: no status effects
A: clumsy 1
a: Renounce Religion


You were in a Gauntlet.
You worshipped Vehumet.
Vehumet was greatly pleased with you.
You visited 2 branches of the dungeon, and saw 13 of its levels.
You also visited: Gauntlet.

You collected 647 gold pieces.

Inventory:

Hand Weapons
 M - a +1 spear of venom
 R - the +5 scythe "Finisher" (weapon) {speed, execute}
   (You found it on level 9 of the Dungeon)
 V - a +1 spear of pain
Missiles
 N - a curare-tipped dart
 W - 2 throwing nets
Armour
 C - a +2 robe of resistance
 D - a scarf of invisibility
 J - a scarf of shadows (worn)
 L - a +3 leather armour of fire resistance (worn)
 O - a +1 ring mail of cold resistance
 S - a +2 hat (worn)
 X - +0 acid dragon scales
Jewellery
 f - a +6 ring of dexterity
 k - a +6 ring of intelligence (right hand)
 H - a ring of positive energy
 P - a +5 ring of evasion (left hand)
Wands
 a - a wand of iceblast (10)
 c - a wand of paralysis (19)
 t - a wand of mindburst (30)
 x - a wand of light (6)
 A - a wand of polymorph (10)
 T - a wand of flame (27)
Scrolls
 h - 6 scrolls of poison
 i - a scroll of silence
 m - a scroll of torment
 o - 2 scrolls of blinking
 p - 5 scrolls of teleportation
 s - 2 scrolls of fog
 v - 2 scrolls of vulnerability
 y - 2 scrolls of enchant weapon
 z - 2 scrolls of butterflies
 B - a scroll of amnesia {unknown}
 G - 2 scrolls of noise {unknown}
 I - 3 scrolls of acquirement {unknown}
 K - a scroll of fear {unknown}
 Q - a scroll of enchant armour {unknown}
Potions
 b - 2 potions of degeneration {unknown}
 d - 2 potions of magic
 e - 2 potions of haste
 g - a potion of mutation {unknown}
 j - 5 potions of heal wounds {unknown}
 l - a potion of curing
 n - a potion of berserk rage {unknown}
 q - 2 potions of ambrosia {unknown}
 r - a potion of resistance {unknown}
 u - 4 potions of cancellation {unknown}
 w - 2 potions of brilliance {unknown}
 E - 2 potions of lignification {unknown}
 F - a potion of enlightenment {unknown}
 Y - a potion of might {unknown}
Miscellaneous
 U - a box of beasts


   Skills:
 + Level 3.7 Fighting
 - Level 4.0 Armour
 - Level 3.1 Dodging
 - Level 3.0 Stealth
 - Level 4.0 Shields
 * Level 16.2 Spellcasting
 + Level 9.6 Conjurations
 - Level 1.1 Summonings
 - Level 1.0 Necromancy
 - Level 1.1 Translocations
 - Level 1.1 Transmutations
 - Level 7.0 Air Magic
 + Level 3.8 Earth Magic
 - Level 1.0 Poison Magic
 - Level 1.3 Evocations


You had 18 spell levels left.
You knew the following spells:

 Your Spells              Type           Power      Damage    Failure   Level
a - Magic Dart            Conj           100%       1d8       1%          1
b - Mephitic Cloud        Conj/Pois/Air  56%        N/A       1%          3
c - Call Imp              Summ           62%        N/A       2%          2
d - Blink                 Tloc           62%        N/A       2%          2
e - Irradiate             Conj/Tmut      27%        3d20      2%          5
f - Iskenderun's Battles  Conj           70%        2d12      1%          5
g - Leda's Unmaking       Conj/Erth      30%        9d5       7%          6

Your spell library contained the following spells:

 Spells                   Type           Power      Damage    Failure   Level
 Flame Wave               Conj/Fire      52%        2d13      1%          4
 Apportation              Tloc           62%        N/A       1%          1
 Necrotise                Necr           100%       1d9       1%          1
 Summon Small Mammal      Summ           100%       N/A       1%          1
 Cigotuvi's Dreadful Rot  Necr/Pois/Air  84%        N/A       1%          2
 Slow                     Hex            96%        N/A       2%          1
 Lesser Beckoning         Tloc           62%        N/A       2%          2
 Gell's Gravitas          Tloc           31%        N/A       4%          3
 Teleport Other           Tloc           31%        N/A       4%          3
 Tukima's Dance           Hex            24%        N/A       9%          3
 Yara's Violent Unravell  Hex/Tmut       13%        3d7       16%         5
 Passage of Golubria      Tloc           31%        N/A       17%         4
 Blade Hands              Tmut           15%        N/A       43%         5
 Spellforged Servitor     Conj/Summ      27%        N/A       50%         7
 Dragon Form              Tmut           15%        N/A       100%        7


Dungeon Overview and Level Annotations

Branches:
Dungeon (12/15)            Temple (1/1) D:6            Lair (0/5) D:8
Gauntlet (1/1)
    Orc: D:9-12

Altars:
Ashenzari
Elyvilon
Fedhas
Makhleb
Okawaru
Qazlal
Sif Muna
Trog
Uskayaw
Vehumet
Wu Jian
Xom
Zin
The Shining One

Shops:
D:8 :

Annotations:
D:10 exclusion: orange crystal statue Gauntlet 7 transporters, exclusion: orange crystal statue


Innate Abilities, Weirdness & Mutations

You are clumsy. (Dex -2)


Message History

The cyan ugly thing is engulfed in noxious fumes.
The great orb of eyes is engulfed in noxious fumes.
Casting: Blink (safe; 2% risk of failure)
Confirm with . or Enter, or press ? or * to list all spells.
You conjure a globe of magical energy.
You feel stable enough to blink again. The great orb of eyes misses you.
Casting: Iskenderun's Battlesphere (dangerous; 1% risk of failure)
Confirm with . or Enter, or press ? or * to list all spells.
Aiming: Magic Dart (safe; 1% risk of failure)
Press: ? - help, Shift-Dir - straight line, f/p - cyan ugly thing
Aim: a cyan ugly thing (lightly wounded, confused, 100% to hit)
The magic dart hits the cyan ugly thing!
The cyan ugly thing is moderately wounded.
Your battlesphere fires!
The barrage of energy hits the great orb of eyes.
The great orb of eyes is heavily wounded.
The great orb of eyes barely misses you.
Casting: Magic Dart (safe; 1% risk of failure)
Confirm with . or Enter, or press ? or * to list all spells.
Aiming: Magic Dart (safe; 1% risk of failure)
Press: ? - help, Shift-Dir - straight line, f - great orb of eyes, p - cyan ugly thing
Aim: a great orb of eyes (heavily wounded, confused, 100% to hit)
The magic dart hits the great orb of eyes.
The great orb of eyes is heavily wounded.
Your battlesphere fires!
The barrage of energy hits the great orb of eyes!
The great orb of eyes is severely wounded.
Casting: Magic Dart (safe; 1% risk of failure)
Confirm with . or Enter, or press ? or * to list all spells.
Aiming: Magic Dart (safe; 1% risk of failure)
Press: ? - help, Shift-Dir - straight line, f/p - great orb of eyes
Aim: a great orb of eyes (severely wounded, confused, 100% to hit)
The magic dart hits the great orb of eyes but does no damage.
The great orb of eyes is severely wounded.
Your battlesphere fires!
The barrage of energy hits the great orb of eyes!
The great orb of eyes is almost dead.
The great orb of eyes bites you!
You die...

#≈≈≈#≈≈≈#..∩.⌠.∩..#≈≈≈#≈
#≈.....................
##.#########.#########.
##≈.#.[.G##u#.#.##©##[#.
#≈≈.#.}?##..#.#=#..#.!#.
##≈.#..##...#.##.##.###.
##.#.##©.#.###..#©^#.#.
##≈.#.#G.##.#.###.##.##.
#≈≈.#.*@##..#.##..#..##.
##≈.#..##...#.#8##.##.#.
##.#########.#########.
##≈....#©.........©#....
#≈≈..⌠.#.⌠.⌠.⌠.⌠.⌠.#.⌠..
##≈....#©.........©#....
##.###################.
##≈.#...©...#.#z!.©.=.#.
#≈≈.#.#...#.#.#z###...#.


You could see a great orb of eyes (confused), a cyan ugly thing (confused, ally
target) and a friendly battlesphere.

Vanquished Creatures
  2 two-headed ogres
  A skeletal warrior (D:9)
  Pikel (D:7)
  2 cyclopes
  2 gargoyles (D:12)
  Maggie (D:9)
  A komodo dragon (D:8)
  A kobold demonologist (D:11)
  3 trolls
  3 slime creatures (Gauntlet)
  9 yaks
  5 wraiths
  A vampire (D:11)
  2 steam dragons
  3 vampire mosquitoes (D:11)
  2 swamp worms (Gauntlet)
  Edmund (D:6)
  2 acid dragons (D:11)
  A water moccasin (D:7)
  2 ice beasts
  2 sky beasts
  4 black bears
  2 ogres
  5 centaurs
  A phantom (D:5)
  A lemure (D:7)
  2 kobold brigands (D:7)
  Blork the orc (D:5)
  2 bullfrogs
  3 gnoll sergeants
  3 scorpions
  14 wights
  21 killer bees
  10 howler monkeys
  3 jellies
  Crazy Yiuf (D:7)
  3 gnoll boudas
  6 orc priests
  4 hounds
  4 orc wizards
  2 sleepcaps
  3 iguanas
  Robin (D:2)
  26 gnolls
  5 adders
  A shadow imp (D:5)
  3 white imps
  An ufetubus (D:4)
  2 worms
  4 dart slugs
  23 orcs
  8 ball pythons
  5 bats
  4 endoplasms
  4 giant cockroaches
  10 goblins
  8 hobgoblins
  6 jackals (D:1)
  13 kobolds
  3 quokkas
  A frilled lizard (D:3)
  5 rats
275 creatures vanquished.

Vanquished Creatures (collateral kills)
  A centaur (D:6)
  A killer bee (D:9)
  A sleepcap (D:6)
3 creatures vanquished.

Vanquished Creatures (others)
  A centaur (D:6)
1 creature vanquished.

Grand Total: 279 creatures vanquished

Notes
Turn   | Place    | Note
-------+----------+-------------------------------------------
     0 | D:1      | pokeman the Deep Elf Hedge Wizard began the quest for the
                  | Orb.
     0 | D:1      | Reached XP level 1. HP: 10/10 MP: 7/7
   174 | D:1      | Reached XP level 2. HP: 15/15 MP: 1/9
   640 | D:1      | Reached skill level 5 in Spellcasting
   825 | D:1      | Reached XP level 3. HP: 20/20 MP: 9/11
   829 | D:1      | Learned a level 3 spell: Mephitic Cloud
   832 | D:1      | Learned a level 2 spell: Call Imp
   835 | D:1      | Learned a level 2 spell: Blink
  1566 | D:2      | Reached skill level 1 in Fighting
  1566 | D:2      | Reached skill level 1 in Armour
  1670 | D:2      | Noticed Robin
  1707 | D:2      | Killed Robin
  1708 | D:2      | Reached XP level 4. HP: 13/25 MP: 1/13
  2386 | D:3      | Found a faded altar of an unknown god.
  2522 | D:3      | Found a blossoming altar of Fedhas.
  2539 | D:3      | Reached skill level 6 in Spellcasting
  2539 | D:3      | Reached XP level 5. HP: 29/29 MP: 10/15
  2782 | D:3      | Found a glowing silver altar of Zin.
  2959 | D:4      | Reached skill level 1 in Evocations
  3059 | D:4      | Reached XP level 6. HP: 34/34 MP: 15/17
  3134 | D:4      | Found a burning altar of Makhleb.
  3144 | D:4      | Reached skill level 1 in Air Magic
  3144 | D:4      | Reached skill level 1 in Poison Magic
  3221 | D:4      | Reached skill level 7 in Spellcasting
  3363 | D:4      | Reached XP level 7. HP: 25/39 MP: 15/20
  3587 | D:5      | Entered Level 5 of the Dungeon
  3666 | D:5      | Reached skill level 8 in Spellcasting
  4051 | D:5      | Noticed Blork the orc
  4061 | D:5      | Killed Blork the orc
  4270 | D:5      | Reached XP level 8. HP: 45/45 MP: 14/22
  4898 | D:6      | Reached skill level 9 in Spellcasting
  4932 | D:6      | Found a shimmering blue altar of Sif Muna.
  5225 | D:6      | Noticed Edmund
  5233 | D:6      | Reached skill level 5 in Conjurations
  5252 | D:6      | Killed Edmund
  5253 | D:6      | Reached skill level 10 in Spellcasting
  5702 | D:6      | Found an iron altar of Okawaru.
  5716 | D:6      | Reached XP level 9. HP: 46/50 MP: 21/25
  5984 | D:6      | Reached skill level 11 in Spellcasting
  6135 | D:6      | Found a staircase to the Ecumenical Temple.
  6141 | Temple   | Entered the Ecumenical Temple
  6155 | Temple   | Became a worshipper of Vehumet
  6634 | D:7      | Reached skill level 5 in Air Magic
  6899 | D:7      | Found a shimmering altar of Xom.
  7125 | D:7      | Noticed a cyclops
  7143 | D:7      | Reached skill level 1 in Shields
  7143 | D:7      | Reached skill level 12 in Spellcasting
  7146 | D:7      | Reached * piety under Vehumet
  7146 | D:7      | Offered knowledge of Sandblast by Vehumet.
  7164 | D:7      | Killed a cyclops
  7194 | D:7      | HP: 2/50 [centaur/arrow (6)]
  7832 | D:7      | Reached XP level 10. HP: 54/56 MP: 18/28
  7992 | D:7      | Noticed Pikel
  8014 | D:7      | Killed Pikel
  8158 | D:7      | Found a runed translucent door.
  8159 | D:7      | Noticed Crazy Yiuf
  8174 | D:7      | Killed Crazy Yiuf
  8388 | D:8      | Found a broken altar of Ashenzari.
  8411 | D:8      | Noticed a two-headed ogre
  8439 | D:8      | Killed a two-headed ogre
  8440 | D:8      | Reached skill level 13 in Spellcasting
  8671 | D:8      | Reached ** piety under Vehumet
  8671 | D:8      | Offered knowledge of Kiss of Death by Vehumet.
  8958 | D:8      | Noticed a walking frostbound tome
  8959 | D:8      | Found Koopu's Book Shop.
  8961 | D:8      | Noticed a walking divine tome
  9202 | D:8      | Found a staircase to the Lair.
  9393 | D:8      | Learned a level 5 spell: Irradiate
  9863 | D:9      | Noticed Maggie
  9886 | D:9      | Killed Maggie
  9887 | D:9      | Reached skill level 1 in Transmutations
 10044 | D:9      | Reached skill level 14 in Spellcasting
 10332 | D:9      | Offered knowledge of Volatile Blastmotes by Vehumet.
 10340 | D:9      | Reached XP level 11. HP: 60/60 MP: 13/31
 10408 | D:9      | Noticed a skeletal warrior
 10458 | D:9      | Killed a skeletal warrior
 10665 | D:9      | Found the +5 scythe "Finisher" {speed, execute}
 10695 | D:9      | You fall into a shaft and drop 1 floor!
 10695 | D:10     | Entered Level 10 of the Dungeon
 10695 | D:10     | Found a stormy altar of Qazlal.
 10723 | D:10     | Learned a level 5 spell: Iskenderun's Battlesphere
 10730 | D:10     | Learned a level 6 spell: Leda's Unmaking
 10897 | D:10     | Noticed an orange crystal statue
 11205 | D:10     | Reached *** piety under Vehumet
 11206 | D:10     | Reached skill level 15 in Spellcasting
 11355 | D:9      | Reached skill level 1 in Earth Magic
 11510 | D:9      | Noticed a two-headed ogre
 11516 | D:9      | Killed a two-headed ogre
 11747 | D:9      | Offered knowledge of Flame Wave by Vehumet.
 12911 | D:11     | Reached skill level 1 in Necromancy
 13444 | D:12     | Reached skill level 16 in Spellcasting
 13461 | D:12     | Found a gate leading to a gauntlet.
 13469 | Gauntlet | Entered a Gauntlet
 13469 | Gauntlet | Found a transporter.
 13470 | Gauntlet | Found a transporter.
 13472 | Gauntlet | Found a transporter.
 13472 | Gauntlet | Found a transporter.
 13476 | Gauntlet | Found a transporter.
 13476 | Gauntlet | Found a transporter.
 13510 | Gauntlet | Found a transporter.
 13514 | Gauntlet | Found a transporter.
 13520 | Gauntlet | Noticed a great orb of eyes
 13523 | Gauntlet | Noticed a cyan ugly thing
 13526 | Gauntlet | Found a transporter.
 13542 | Gauntlet | Found a transporter.
 13558 | Gauntlet | Found a transporter.
 13560 | Gauntlet | Found a transporter.
 13563 | Gauntlet | Noticed an orange crystal statue
 13615 | Gauntlet | Gained mutation: You are clumsy. (Dex -2) [mutagenic glow]
 13725 | Gauntlet | Reached **** piety under Vehumet
 13801 | Gauntlet | Slain by a great orb of eyes

Illustrated notes

Levels and vault maps discovered:
D:1:      dpeg_arrival_windows_large_door, layout_rooms, minmay_hedge_maze,
          st_stairs_13
D:2:      layout_basic, grunt_decor_arrowhead, uniq_robin
D:3:      wander_river, layout_basic, fedhas_altar_3, zin_academy,
          shapermc_ecumenical_altar_totnotflames
D:4:      layout_rooms, makhleb_heckhound_becter
D:5:      layout_layer_cave, uniq_blork_the_orc
D:6:      layout_cave_pods, okawaru_ov_weapons_minmay,
          mainiacjoe_overflow_alcove_2, minmay_temple_entry_enclosed_plants,
          uniq_edmund
D:7:      layout_loops_ring, tgw_xom, kennysheep_nub, minmay_circle_x,
          uniq_pikel, uniq_crazy_yiuf_cottage
D:8:      layout_loops_ring, nicolae_ashenzari_skybound, david_lair_shrubbed,
          serial_shops, nicolae_shop_mannequins, minmay_misc_feat_square
D:9:      layout_long_grid, reono_crystal_passage,
          minmay_guarded_unrand_finisher, uniq_maggie
D:10:     layout_loops_cross, mainiacjoe_overflow_brackets, minivault_16
D:11:     minmay_general_purpose_star, layout_loops_ring
D:12:     layout_roguey, orc_0_dummy, gauntlet_entry_generic, trog_hazing_becter
Temple:   eino_temple_water
Gauntlet: minmay_gauntlet_77_indecision [minmay_gauntlet_arena_77_hold_the_fort,
          minmay_gauntlet_arena_77_squiggly, minmay_gauntlet_arena_77_mirror,
          minmay_gauntlet_arena_77_block_sizes,
          minmay_gauntlet_arena_77_two_lines,
          minmay_gauntlet_arena_77_tiled_triplets, gauntlet_exit_green]

Skill      XL: |  1  2  3  4  5  6  7  8  9 10 11 |
---------------+----------------------------------+-----
Spellcasting   | 5 6 7 8 10 12 14 16 | 16.2
Fighting       | 1 2 3 |  3.7
Armour         | 1 2 3 4 |  4.0
Conjurations   | 2 3 4 5 7 8 9 |  9.6
Stealth        | 3 |  3.0
Dodging        | 3 |  3.1
Evocations     | 1 |  1.3
Air Magic      | 1 3 4 5 7 |  7.0
Poison Magic   | 1 |  1.0
Shields        | 1 3 4 |  4.0
Transmutations | 1 |  1.1
Earth Magic    | 3 |  3.8
Necromancy     | 1 |  1.0
Summonings     | |  1.1
Translocations | |  1.1

Action                     |  1- 3 |  4- 6 |  7- 9 | 10-12 || total
---------------------------+-------+-------+-------+-------++-------
  Melee: Dagger            |     4 |       |       |       ||     4
         Spear             |       |       |    63 |   151 ||   214
         Punch             |       |       |     1 |     2 ||     3
         Scythe            |       |       |       |    33 ||    33
   Fire: Sling             |       |   102 |   209 |       ||   311
   Cast: Magic Dart        |   113 |    27 |    85 |   189 ||   414
         Mephitic Cloud    |     1 |     8 |    41 |    52 ||   102
         Blink             |       |     2 |     5 |     8 ||    15
         Call Imp          |       |     2 |    10 |    10 ||    22
         Irradiate         |       |       |       |    14 ||    14
         Iskenderun's Batt |       |       |       |    21 ||    21
  Evoke: Wand              |       |       |     1 |     1 ||     2
    Use: Scroll            |       |       |       |     9 ||     9
         Potion            |       |       |       |     1 ||     1
   Stab: Confused          |     1 |       |     5 |    33 ||    39
 Armour: Robe              |     3 |     2 |       |       ||     5
         Leather armour    |       |     4 |    53 |    16 ||    73
  Dodge: Dodged            |    22 |    17 |   139 |   130 ||   308

Table legend: (Time is in decaauts)
 A = Elapsed time spent in this place.
 B = Non-inter-level travel time spent in this place.
 C = Inter-level travel time spent in this place.
 D = Time resting spent in this place.
 E = Time spent auto-exploring this place.
 F = Levels seen in this place.
 G = Mean time per level.
                   A        B        C        D        E       F      G
               +--------+--------+--------+--------+--------+-----+--------+
         Total |  13984 |  13609 |    375 |    828 |   9936 |  14 |  998.9 |
       Dungeon |  13623 |  13261 |    362 |    708 |   9935 |  12 | 1135.2 |
        Temple |     28 |     15 |     13 |      0 |      1 |   1 |   28.0 |
      Gauntlet |    331 |    331 |      0 |    120 |      0 |   1 |  331.0 |
               +--------+--------+--------+--------+--------+-----+--------+

Top non-repeatable levels by time:
     D:6: 1792 daAuts
     D:9: 1702 daAuts
     D:7: 1648 daAuts
     D:8: 1399 daAuts
     D:5: 1378 daAuts
     D:1: 1239 daAuts
    D:11: 1050 daAuts
    D:10: 877 daAuts
     D:2: 849 daAuts
     D:3: 836 daAuts
     D:4: 768 daAuts
Gauntlet: 331 daAuts
    D:12: 81 daAuts
  Temple: 28 daAuts
